 Dungeon Crawl Stone Soup version 0.29-a0-43-g62a80824bf (webtiles) character file.

Game seed: 5520485225857792562

66 crazypyro the Skirmisher (level 3, -7/29 HPs)
             Began as a Demonspawn Fighter on Feb 2, 2022.
             Killed by divine providence
             ... invoked by an orc priest
              (12 damage)
             ... on level 3 of the Dungeon.
             The game lasted 00:02:01 (2421 turns).

crazypyro the Skirmisher (Demonspawn Fighter)       Turns: 2421, Time: 00:02:02

Health: -7/29      AC:  6    Str: 18    XL:     3   Next: 96%
Magic:  3/3        EV:  9    Int:  9    God:
Gold:   131        SH:  4    Dex: 12    Spells: 2/2 levels left

rFire   + . .      SeeInvis .   a - +0 war axe
rCold   + . .      Faith    .   c - +0 buckler
rNeg    . . .      Spirit   .   b - +0 scale mail
rPois   .          Reflect  .   (helmet restricted)
rElec   .          Harm     .   f - scarf {rC+ rF+}
rCorr   .          Rampage  .   (no gloves)
Will    .....                   (no boots)
Stlth   ..........              (no amulet)
HPRegen 0.09/turn               (no ring)
MPRegen 0.08/turn               (no ring)

@: no status effects
A: antennae 1, foul stench 1
a: no special abilities


You were on level 3 of the Dungeon.
You visited 1 branch of the dungeon, and saw 3 of its levels.

You collected 131 gold pieces.

Inventory:

Hand Weapons
 a - a +0 war axe (weapon)
Armour
 b - a +0 scale mail (worn)
 c - a +0 buckler (worn)
 f - a scarf of resistance (worn)
Jewellery
 k - a ring of fire
Scrolls
 e - a scroll of brand weapon {unknown}
 g - 4 scrolls of identify
 h - 2 scrolls of noise {unknown}
 j - a scroll of amnesia {unknown}
 l - a scroll of fog {unknown}
 m - a scroll of teleportation {unknown}
Potions
 d - a potion of might
 i - a potion of lignification
 n - a potion of flight


   Skills:
 + Level 3.5 Fighting
 * Level 2.7 Axes
 - Level 3.0 Armour
 + Level 0.7 Dodging
 - Level 3.0 Shields


You had 2 spell levels left.
You didn't know any spells.
Your spell library contained the following spells:

 Spells                   Type           Power      Damage    Failure   Level
 Ensorcelled Hibernation  Hex/Ice        0%         N/A       94%         2
 Passwall                 Tmut/Erth      0%         N/A       94%         2
 Gell's Gravitas          Tloc           0%         N/A       99%         3
 Spider Form              Tmut/Pois      0%         N/A       99%         3
 Swiftness                Air            0%         N/A       99%         3
 Teleport Other           Tloc           0%         N/A       99%         3
 Anguish                  Hex/Necr       0%         N/A       100%        4
 Dispersal                Tloc           0%         N/A       100%        6


Dungeon Overview and Level Annotations

Branches:
Dungeon (3/15)

Altars:

Annotations:
D:3 3 runed translucent doors, TheWeeknd's ghost, amateur DsBe; belegose's ghost, amateur DsCA


Innate Abilities, Weirdness & Mutations

You have a pair of small antennae on your head.
You may rarely emit foul miasma when damaged in melee.


Message History

You hit the orc.
The orc is severely wounded.
The orc wizard mumbles some strange words.
The orc wizard flickers and vanishes!
You completely miss the orc.
The orc is severely wounded.
The orc priest calls upon Beogh to heal the orc.
The orc's wounds heal themselves!
You block the orc's attack. The orc hits you but does no damage.
You slash the orc!
You kill the orc!
You miss something.
A magic dart appears from out of thin air!
The magic dart hits something.
Something hits you but does no damage.
You closely miss something.
A magic dart appears from out of thin air!
The magic dart hits something!
Something hits you. Something hits you but does no damage.
The orc priest invokes the aid of Beogh against you.
Beogh smites you!
You miss something.
You hear some strange, mumbled words.
A magic dart appears from out of thin air!
The magic dart hits you!
* * * LOW HITPOINT WARNING * * *
You barely miss something.
Something hits you but does no damage. x2
You miss something. Something hits you but does no damage.
You hear some strange, mumbled words.
A puff of flame appears from out of thin air!
The puff of flame hits something.
Reactivating autopickup.
The orc priest hits you but does no damage.
Something hits you but does no damage.
Deactivating autopickup; reactivate with Ctrl-A.
There is an open door here.
Items here: )) [[ †.
You hit something. You closely miss the orc priest.
The orc priest mumbles some strange prayers to Beogh against you.
Beogh smites you!
You die...

###### #....# #....#
#..(.# #####
#....###### ....#
#.........# ....#
#####.........###....#
..............'.@{...+
#########.....###o...#
#.....# ....# #.....#
##### #.....#
#.....#####
#..........
#.######### #.###


You could see an orc priest.

Vanquished Creatures
  An adder (D:2)
  An adder skeleton (D:2)
  2 worms (D:3)
  An orc (D:3)
  10 ball pythons
  7 endoplasms
  2 giant cockroaches
  3 goblins
  3 hobgoblins
  A quokka (D:2)
  2 bats (D:2)
  7 frilled lizards
  4 kobolds
  3 rats
47 creatures vanquished.

Vanquished Creatures (others)
  An orc wizard (D:3)
1 creature vanquished.

Grand Total: 48 creatures vanquished

Notes
Turn   | Place    | Note
-------+----------+-------------------------------------------
     0 | D:1      | crazypyro the Demonspawn Fighter began the quest for the
                  | Orb.
     0 | D:1      | Reached XP level 1. HP: 18/18 MP: 1/1
   224 | D:1      | Gained mutation: You may rarely emit foul miasma when
                  | damaged in melee. [demonic ancestry]
   224 | D:1      | Reached XP level 2. HP: 20/24 MP: 2/2
   649 | D:1      | Found a faded altar of an unknown god.
  1429 | D:2      | Gained mutation: You have a pair of small antennae on your
                  | head. [demonic ancestry]
  1429 | D:2      | Reached XP level 3. HP: 29/29 MP: 3/3
  2031 | D:3      | Found a runed translucent gate.
  2035 | D:3      | Found a runed translucent gate.
  2039 | D:3      | Found a runed translucent gate.
  2040 | D:3      | Noticed belegose's ghost (amateur DsCA)
  2040 | D:3      | Noticed TheWeeknd's ghost (amateur DsBe)
  2421 | D:3      | Killed from afar by an orc priest

Illustrated notes

Levels and vault maps discovered:
D:1:      sevenhm_arrival_forest_fort_large_1, layout_loops_ring,
          shapermc_ecumenical_altar_ellora, chequers_hall_statues_wall_a
D:2:      layout_loops_ring
D:3:      layout_basic, lemuel_doored_altar, gammafunk_ghost_cemetery,
          chequers_serial_rivers_micro_e, uniq_terence, uniq_sigmund

Skill      XL: |  1  2 |
---------------+-------+-----
Axes           | 2 |  2.7
Armour         | 3 |  3.0
Shields        | 3 |  3.0
Fighting       | |  3.5
Dodging        | |  0.7

Action                   || total
-------------------------++-------
Melee: War axe           ||   136
  Use: Scroll            ||     2
Armor: Scale mail        ||    72
Dodge: Dodged            ||    55
Block: Buckler           ||    29

Table legend: (Time is in decaauts)
 A = Elapsed time spent in this place.
 B = Non-inter-level travel time spent in this place.
 C = Inter-level travel time spent in this place.
 D = Time resting spent in this place.
 E = Time spent auto-exploring this place.
 F = Levels seen in this place.
 G = Mean time per level.
                   A        B        C        D        E       F      G
               +--------+--------+--------+--------+--------+-----+--------+
         Total |   2484 |   2427 |     57 |      0 |   2063 |   3 |  828.0 |
       Dungeon |   2484 |   2427 |     57 |      0 |   2063 |   3 |  828.0 |
               +--------+--------+--------+--------+--------+-----+--------+

Top non-repeatable levels by time:
     D:1: 1211 daAuts
     D:2: 866 daAuts
     D:3: 406 daAuts
